[ AOE2 MATCH · #474035722 ]
UnrankedSpanish vs Poles
Player's team · WIN
Rival team · LOSS
[ REPLAY ANALYSIS · EXTRACTED FROM THE RECORDED GAME ]
Feudal
9:39
Castle
21:29
Imperial
37:33
| APM avg | 33.2 |
| APM peak | 76 |
| eAPM avg | 19.8 |
| Villagers / military | 130 / 248 |
Focus
⚔️ 38.0% · 🌾 62.0%
Conquistador ×179 · Scout Cavalry ×62 · Trebuchet (Packed) ×7
Feudal
13:56
Castle
22:41
Imperial
39:22
| APM avg | 18.2 |
| APM peak | 58 |
| eAPM avg | 13.5 |
| Villagers / military | 104 / 231 |
Focus
⚔️ 26.9% · 🌾 73.1%
Skirmisher ×166 · Spearman ×50 · Fishing Ship ×11 · Knight ×8 · Cavalry Archer ×5 · Monk ×1
Match map
Initial resources + every placement click. Lines = walls · curves = elevation contours. ◆ gold · ⬟ stone · ● berries · ✦ relic · ◌ wall gap
Your base· Open — 4t gap
Remoaner In Chief's base· Open — 1t gap
Smoothed initial terrain · ◌ = detected wall gap · hover for details
Inputs per minute
— willemartin - - Remoaner In Chief
Build order — willemartin
First 150 of 529 actions detected
| 0:00 | Create | Villager (Male) |
| 0:00 | Create | Villager (Male) |
| 0:01 | Create | Villager (Male) |
| 0:01 | Create | Villager (Male) |
| 0:02 | Build | House |
| 0:04 | Build | House |
| 1:36 | Create | Villager (Male) |
| 2:03 | Build | Lumber Camp |
| 2:03 | Create | Villager (Male) |
| 2:32 | Create | Villager (Male) |
| 2:48 | Create | Villager (Male) |
| 3:17 | Create | Villager (Male) |
| 3:48 | Create | Villager (Male) |
| 4:10 | Build | House |
| 4:26 | Create | Villager (Male) |
| 4:35 | Build | Mill |
| 4:41 | Create | Villager (Male) |
| 5:13 | Create | Villager (Male) |
| 5:30 | Create | Villager (Male) |
| 5:44 | Create | Villager (Male) |
| 6:33 | Research | Loom |
| 7:11 | Build | Lumber Camp |
| 7:29 | Research | Feudal Age |
| 7:41 | Create | Villager (Male) |
| 8:15 | Build | House |
| 9:02 | Build | Barracks |
| 9:34 | Create | Villager (Male) |
| 9:39 | Age | Feudal Age |
| 9:42 | Research | Double-Bit Axe |
| 9:48 | Build | House |
| 10:09 | Create | Villager (Male) |
| 10:15 | Create | Villager (Male) |
| 10:35 | Create | Villager (Male) |
| 10:52 | Build | Stable |
| 10:53 | Create | Villager (Male) |
| 11:01 | Build | Palisade Wall |
| 11:07 | Build | House |
| 11:14 | Build | Stable |
| 11:15 | Create | Villager (Male) |
| 11:16 | Create | Villager (Male) |
| 11:36 | Create | Villager (Male) |
| 11:40 | Build | House |
| 11:43 | Create | Villager (Male) |
| 12:07 | Create | Villager (Male) |
| 12:21 | Build | House |
| 12:36 | Create | Scout Cavalry |
| 12:36 | Create | Scout Cavalry |
| 13:04 | Build | Mill |
| 13:09 | Create | Villager (Male) |
| 13:23 | Build | Farm |
| 13:23 | Build | Farm |
| 13:24 | Build | Farm |
| 13:29 | Build | Farm |
| 13:32 | Build | Farm |
| 13:58 | Build | Blacksmith |
| 14:08 | Build | Farm |
| 14:26 | Build | Farm |
| 14:27 | Create | Villager (Male) |
| 14:52 | Build | Farm |
| 14:59 | Build | House |
| 15:00 | Create | Villager (Male) |
| 15:01 | Create | Scout Cavalry |
| 15:11 | Create | Villager (Male) |
| 15:17 | Build | Farm |
| 15:26 | Build | House |
| 15:26 | Create | Villager (Male) |
| 15:34 | Build | Farm |
| 15:40 | Build | Farm |
| 15:49 | Build | Farm |
| 16:02 | Build | Farm |
| 16:06 | Build | Farm |
| 16:17 | Build | Farm |
| 16:18 | Create | Villager (Male) |
| 16:25 | Build | Farm |
| 16:40 | Build | Farm |
| 16:50 | Build | Farm |
| 16:52 | Create | Villager (Male) |
| 16:52 | Create | Villager (Male) |
| 17:11 | Build | Mining Camp |
| 17:13 | Create | Villager (Male) |
| 17:23 | Create | Villager (Male) |
| 17:31 | Build | Farm |
| 17:34 | Build | Farm |
| 17:39 | Build | Farm |
| 17:42 | Build | Farm |
| 17:45 | Build | Farm |
| 17:48 | Build | Farm |
| 17:49 | Create | Villager (Male) |
| 17:53 | Build | Farm |
| 18:42 | Build | Farm |
| 18:49 | Research | Castle Age |
| 19:04 | Create | Scout Cavalry |
| 19:05 | Create | Scout Cavalry |
| 19:05 | Create | Scout Cavalry |
| 19:05 | Create | Scout Cavalry |
| 19:05 | Create | Scout Cavalry |
| 19:35 | Build | House |
| 19:40 | Build | Palisade Wall |
| 19:55 | Build | Palisade Wall |
| 19:55 | Create | Villager (Male) |
| 19:58 | Create | Scout Cavalry |
| 19:58 | Create | Scout Cavalry |
| 19:58 | Create | Scout Cavalry |
| 19:58 | Create | Scout Cavalry |
| 19:59 | Create | Scout Cavalry |
| 19:59 | Create | Scout Cavalry |
| 20:10 | Build | Farm |
| 20:19 | Create | Scout Cavalry |
| 20:29 | Research | Forging |
| 20:29 | Research | Forging |
| 20:51 | Create | Villager (Male) |
| 20:57 | Research | Scale Barding Armor |
| 21:09 | Research | Horse Collar |
| 21:19 | Create | Scout Cavalry |
| 21:19 | Create | Scout Cavalry |
| 21:19 | Create | Scout Cavalry |
| 21:29 | Age | Castle Age |
| 21:33 | Create | Villager (Male) |
| 21:40 | Build | Town Center |
| 21:41 | Create | Villager (Male) |
| 21:46 | Create | Villager (Male) |
| 21:53 | Create | Villager (Male) |
| 21:53 | Create | Villager (Male) |
| 21:57 | Create | Villager (Male) |
| 21:58 | Create | Villager (Male) |
| 22:17 | Create | Villager (Male) |
| 22:43 | Build | House |
| 23:13 | Build | House |
| 23:15 | Build | House |
| 23:16 | Create | Villager (Male) |
| 23:16 | Create | Villager (Male) |
| 23:17 | Create | Villager (Male) |
| 23:23 | Create | Villager (Male) |
| 23:23 | Create | Villager (Male) |
| 23:30 | Create | Scout Cavalry |
| 23:31 | Create | Scout Cavalry |
| 23:31 | Create | Scout Cavalry |
| 23:31 | Create | Scout Cavalry |
| 23:32 | Create | Scout Cavalry |
| 23:33 | Create | Scout Cavalry |
| 23:53 | Create | Villager (Male) |
| 23:53 | Create | Villager (Male) |
| 24:06 | Build | Farm |
| 24:33 | Research | Chain Barding Armor |
| 24:39 | Create | Villager (Male) |
| 24:40 | Create | Villager (Male) |
| 24:52 | Build | Farm |
| 24:54 | Create | Villager (Male) |
| 25:10 | Create | Villager (Male) |
| 25:11 | Create | Villager (Male) |
Build order — Remoaner In Chief
First 150 of 342 actions detected
| 0:02 | Build | House |
| 0:03 | Build | House |
| 0:04 | Create | Villager (Male) |
| 0:04 | Create | Villager (Male) |
| 0:05 | Create | Villager (Male) |
| 0:05 | Create | Villager (Male) |
| 0:07 | Research | Loom |
| 0:11 | Create | Villager (Male) |
| 0:11 | Create | Villager (Male) |
| 0:12 | Create | Villager (Male) |
| 0:12 | Create | Villager (Male) |
| 1:58 | Build | Lumber Camp |
| 2:14 | Create | Villager (Male) |
| 2:14 | Create | Villager (Male) |
| 3:00 | Create | Villager (Male) |
| 3:29 | Create | Villager (Male) |
| 3:56 | Create | Villager (Male) |
| 4:07 | Build | House |
| 4:11 | Build | House |
| 4:38 | Create | Villager (Male) |
| 4:38 | Create | Villager (Male) |
| 5:18 | Build | Dock |
| 5:21 | Create | Villager (Male) |
| 5:37 | Build | House |
| 5:43 | Create | Villager (Male) |
| 6:14 | Create | Villager (Male) |
| 6:37 | Create | Villager (Male) |
| 6:42 | Build | House |
| 6:48 | Create | Fishing Ship |
| 6:48 | Create | Fishing Ship |
| 7:17 | Create | Villager (Male) |
| 7:17 | Create | Villager (Male) |
| 7:48 | Create | Villager (Male) |
| 8:20 | Build | Mill |
| 8:25 | Create | Fishing Ship |
| 8:26 | Create | Fishing Ship |
| 8:38 | Create | Villager (Male) |
| 9:32 | Create | Villager (Male) |
| 9:43 | Create | Villager (Male) |
| 10:35 | Build | Dock |
| 10:44 | Build | Mining Camp |
| 10:45 | Create | Villager (Male) |
| 10:47 | Create | Villager (Male) |
| 10:50 | Create | Fishing Ship |
| 10:50 | Create | Fishing Ship |
| 10:51 | Create | Fishing Ship |
| 10:51 | Create | Fishing Ship |
| 11:21 | Build | House |
| 11:22 | Build | House |
| 11:24 | Build | House |
| 11:25 | Build | House |
| 11:46 | Research | Feudal Age |
| 12:10 | Build | House |
| 12:39 | Build | House |
| 12:40 | Build | House |
| 12:40 | Build | House |
| 12:41 | Build | House |
| 12:42 | Build | House |
| 13:09 | Build | House |
| 13:10 | Build | House |
| 13:12 | Build | House |
| 13:14 | Build | House |
| 13:23 | Create | Villager (Male) |
| 13:38 | Create | Fishing Ship |
| 13:38 | Create | Fishing Ship |
| 13:44 | Build | Farm |
| 13:45 | Build | Farm |
| 13:55 | Create | Villager (Male) |
| 13:56 | Age | Feudal Age |
| 14:04 | Build | Stone Wall |
| 14:18 | Create | Fishing Ship |
| 14:56 | Create | Villager (Male) |
| 14:57 | Create | Villager (Male) |
| 14:57 | Create | Villager (Male) |
| 14:58 | Research | Wheelbarrow |
| 16:11 | Create | Villager (Male) |
| 16:29 | Build | Barracks |
| 16:49 | Build | Blacksmith |
| 16:52 | Build | Blacksmith |
| 17:10 | Build | House |
| 17:12 | Build | House |
| 17:30 | Build | Lumber Camp |
| 17:37 | Build | Farm |
| 17:38 | Build | Farm |
| 17:39 | Build | Farm |
| 17:40 | Build | Farm |
| 17:41 | Build | Farm |
| 17:42 | Create | Villager (Male) |
| 17:54 | Build | Farm |
| 18:07 | Build | Farm |
| 18:16 | Create | Villager (Male) |
| 18:30 | Build | Gate |
| 18:37 | Build | Stone Wall |
| 19:12 | Build | Gate |
| 19:16 | Create | Villager (Male) |
| 19:16 | Create | Villager (Male) |
| 19:21 | Create | Villager (Male) |
| 19:33 | Build | Stable |
| 19:53 | Build | Farm |
| 19:55 | Build | Farm |
| 20:01 | Research | Castle Age |
| 20:39 | Build | Fish Trap |
| 20:46 | Create | Villager (Male) |
| 20:46 | Create | Villager (Male) |
| 21:11 | Research | Bloodlines |
| 21:53 | Build | Fish Trap |
| 22:06 | Build | House |
| 22:10 | Build | House |
| 22:11 | Build | House |
| 22:36 | Create | Spearman |
| 22:40 | Build | Barracks |
| 22:41 | Age | Castle Age |
| 22:46 | Research | Scale Mail Armor |
| 22:47 | Research | Forging |
| 22:53 | Create | Villager (Male) |
| 23:08 | Build | House |
| 23:13 | Build | House |
| 23:34 | Research | Pikeman (upgrade) |
| 23:34 | Create | Spearman ×5 |
| 23:35 | Create | Spearman ×5 |
| 23:48 | Research | Chain Mail Armor |
| 24:10 | Create | Spearman ×5 |
| 24:10 | Create | Spearman ×2 |
| 24:10 | Create | Spearman ×2 |
| 24:38 | Build | House |
| 24:52 | Create | Villager (Male) |
| 24:52 | Create | Villager (Male) |
| 24:53 | Create | Villager (Male) |
| 25:06 | Build | House |
| 25:53 | Create | Villager (Male) |
| 25:53 | Create | Villager (Male) |
| 25:57 | Build | Farm |
| 26:00 | Build | Farm |
| 26:01 | Create | Villager (Male) |
| 26:03 | Research | Hand Cart |
| 26:39 | Research | Double-Bit Axe |
| 26:48 | Build | Farm |
| 27:19 | Build | Farm |
| 27:22 | Create | Villager (Male) |
| 27:23 | Create | Villager (Male) |
| 27:36 | Build | Mining Camp |
| 27:51 | Create | Villager (Male) |
| 28:06 | Build | Town Center |
| 28:35 | Build | Farm |
| 28:40 | Research | Horse Collar |
| 28:47 | Build | Farm |
| 29:10 | Build | Fish Trap |
| 29:11 | Build | Fish Trap |
| 29:14 | Build | Fish Trap |
| 29:18 | Create | Villager (Male) |
Match timeline
| 5:18 | Remoaner In Chief · first_building Dock |
| 9:02 | willemartin · first_building Barracks |
| 9:39 | willemartin · age_up feudal |
| 10:52 | willemartin · first_building Stable |
| 11:01 | willemartin · wall_segment Palisade Wall x1 |
| 13:56 | Remoaner In Chief · age_up feudal |
| 14:04 | Remoaner In Chief · wall_segment Stone Wall x5 |
| 16:29 | Remoaner In Chief · first_building Barracks |
| 18:37 | Remoaner In Chief · wall_segment Stone Wall x4 |
| 19:33 | Remoaner In Chief · first_building Stable |
| 19:40 | willemartin · wall_segment Palisade Wall x3 |
| 19:55 | willemartin · wall_segment Palisade Wall x1 |
| 21:29 | willemartin · age_up castle |
| 22:41 | Remoaner In Chief · age_up castle |
| 28:41 | willemartin · first_market_buy 100 stone |
| 28:53 | willemartin · first_building Castle |
| 33:01 | Remoaner In Chief · first_building Archery Range |
| 33:53 | Remoaner In Chief · first_building Monastery |
| 36:04 | Remoaner In Chief · first_building Castle |
| 37:33 | willemartin · age_up imperial |
| 39:22 | Remoaner In Chief · age_up imperial |
| 45:25 | willemartin · first_market_sell 100 wood |
| 46:57 | Remoaner In Chief · wall_segment Stone Wall x7 |
| 47:42 | Remoaner In Chief · wall_segment Stone Wall x8 |
| 47:49 | Remoaner In Chief · wall_segment Stone Wall x4 |
| 51:19 | Remoaner In Chief · resign |
[ AI ANALYSIS · 1 CREDIT ]
What really happened in this match?
Wolo.gg analyzes every decision: build order, eco, micro, common mistakes by bracket. Personalized analysis on WhatsApp or Discord in 30 seconds.
Civ guide
Spanish
Perfil
Jugador #5962751